 Dungeon Crawl Stone Soup version 0.19.0-2-gae57169 (webtiles) character file.

10524 Peloso the Blocker (level 11, -4/92 HPs)
             Began as a Ghoul Fighter on Nov 3, 2016.
             Was a Priest of Okawaru.
             Slain by a hill giant
             ... wielding a +0 giant club
              (19 damage)
             ... on level 1 of the Orcish Mines.
             The game lasted 00:40:36 (10563 turns).

Peloso the Blocker (Ghoul Fighter)                 Turns: 10563, Time: 00:40:36

Health: -4/92      AC: 18    Str: 21    XL:     11   Next: 63%
Magic:  11/11      EV:  7    Int:  3    God:    Okawaru [***...]
Gold:   570        SH: 19    Dex: 11    Spells: 0 memorised, 10 levels left

rFire  + . .     SeeInvis .     N - +0 falchion (slice)
rCold  . . .     Gourm    .     C - +0 plate armour
rNeg   + + +     Faith    .     y - +2 large shield
rPois  ∞         Spirit   .     e - +0 helmet
rElec  .         Reflect  .     (no cloak)
rCorr  .         Harm     .     O - +1 pair of gloves
MR     .....                    r - +1 pair of boots
Stlth  ..........               s - amulet of regeneration
                                w - ring of fire
                                g - +3 ring of evasion

@: rotting
A: rotting body, claws 1, carnivore 3, cold resistance 1, negative energy
resistance 3, slow regeneration 1, torment resistance, unbreathing
a: Heroism, Renounce Religion


You were on level 1 of the Orcish Mines.
You worshipped Okawaru.
Okawaru was most pleased with you.
You were not hungry.

You visited 3 branches of the dungeon, and saw 12 of its levels.
You also visited: Ossuary.

You collected 810 gold pieces.
You spent 240 gold pieces at shops.

Inventory:

Hand Weapons
 a - a +0 long sword
 N - a +0 falchion of slicing (weapon)
Armour
 e - a +0 helmet (worn)
 r - a +1 pair of boots (worn)
 v - a +0 pair of gloves
 y - a +2 large shield (worn)
 C - a +0 plate armour (worn)
 O - a +1 pair of gloves (worn)
Jewellery
 g - a +3 ring of evasion (left hand)
 n - an uncursed amulet of harm
 q - an uncursed ring of poison resistance
 s - an amulet of regeneration (around neck)
 u - an uncursed ring of flight
 w - a ring of fire (right hand)
Wands
 d - a wand of flame (15/48)
 B - a wand of disintegration (22/24)
 D - a wand of flame (24/48)
 F - a wand of confusion (19/48)
 H - a wand of flame (31/48)
 I - a wand of acid (9/15)
 J - a wand of slowing (32/48)
 L - a wand of lightning (4/15)
Scrolls
 i - 2 scrolls of amnesia
 m - 3 scrolls of enchant weapon
 o - a scroll of fog
 t - a scroll of enchant armour
 S - a scroll of remove curse
Potions
 b - 3 potions of curing
 l - 2 potions of magic
 p - a potion of brilliance
 x - 2 potions of cure mutation
 z - a potion of haste
 A - a potion of lignification
 K - 3 potions of cancellation
Books
 G - a book of Misfortune

   Spells                             Type                      Level
   a - Confusing Touch                Hexes                        1
   b - Confuse                        Hexes                        3
   c - Gell's Gravitas                Hexes/Translocation          3
   d - Petrify                        Transmutation/Earth          4
   e - Metabolic Englaciation         Hexes/Ice                    5
   f - Yara's Violent Unravelling     Hexes/Transmutation          5
 P - a book of Minor Magic

   Spells                             Type                      Level
   a - Magic Dart                     Conjuration                  1
   b - Blink                          Translocation                2
   c - Call Imp                       Summoning                    2
   d - Repel Missiles                 Charms/Air                   2
   e - Slow                           Hexes                        2
   f - Conjure Flame                  Conjuration/Fire             3
   g - Mephitic Cloud                 Conjuration/Poison/Air       3
 Q - a book of Conjurations

   Spells                             Type                      Level
   a - Magic Dart                     Conjuration                  1
   b - Searing Ray                    Conjuration                  2
   c - Dazzling Spray                 Conjuration/Hexes            3
   d - Fulminant Prism                Conjuration/Hexes            4
   e - Iskenderun's Mystic Blast      Conjuration                  4
   f - Iskenderun's Battlesphere      Conjuration/Charms           5
Comestibles
 f - 7 meat rations
 h - 2 chunks of flesh
 j - 11 royal jellies
 E - a slice of pizza


   Skills:
 + Level 7.4 Fighting
 + Level 9.8 Long Blades
 + Level 6.6 Armour
 + Level 2.5 Dodging
 + Level 2.1 Stealth
 + Level 10.2 Shields
 + Level 2.3 Invocations
 + Level 0.3 Evocations


You had 10 spell levels left.
You didn't know any spells.

Dungeon Overview and Level Annotations

Branches:
Dungeon (9/15)             Temple (1/1) D:6            Lair (0/6) D:9
    Orc (2/2) D:9
    Elf: Orc:2

Altars:
Cheibriados
Dithmenos
Elyvilon
Fedhas
Gozag
Hepliaklqana
Kikubaaqudgha
Makhleb
Nemelex Xobeh
Okawaru
Qazlal
Sif Muna
Trog
Uskayaw
Vehumet
Xom
Yredelemnul
Zin
The Shining One

Shops:
D:6 [?(%   Orc:1 }


Innate Abilities, Weirdness & Mutations

Your body is rotting away.
You thrive on raw meat.
You are immune to poison.
You have sharp fingernails.
You are carnivorous and can eat meat at any time.
Your flesh is cold resistant. (rC+)
You are immune to negative energy. (rN+++)
You regenerate slowly when monsters are visible.
You are immune to unholy pain and torment.
You can survive without breathing.


Message History

The hill giant is heavily wounded.
The hill giant hits you with a giant club!!
* * * LOW HITPOINT WARNING * * *
You slash the hill giant!
The hill giant is severely wounded.
Your plate armour prevents you from hitting the hill giant.
The hill giant is severely wounded.
You block the hill giant's attack.
Your plate armour prevents you from hitting the hill giant.
The hill giant is severely wounded.
You block the hill giant's attack.
You hit the hill giant but do no damage.
The hill giant is severely wounded.
You hit the hill giant.
The hill giant is almost dead.
You block the hill giant's attack.
You hit the hill giant.
The hill giant is almost dead.
The hill giant hits you with a giant club!!
You die...

#...### #...### ###.....###
#.....###
#.#.......####.......###
#.........##.........#.##
........................##
....##.........)##.......##
...###.........#.#........##
....#####......####..).....#
....###........#@##.>.....##
.....#.........C###O.....##
.................#......##
#..........##.........>##
##)....[.######....##.##
#<..[#### ##.#...####
#...#.# #....#.# ##.∩[##
##...#.# ##..# ##.#.##


You could see a hill giant.

Vanquished Creatures
  2 deep trolls (D:9)
  A hill giant (D:9)
  A cyclops (Orc:1)
  A deep elf mage (D:9)
  A komodo dragon (D:9)
  5 trolls
  3 two-headed ogres
  2 hippogriffs
  A wyvern (D:9)
  2 hungry ghosts
  Duvessa (D:4)
  A sky beast (D:7)
  An ice beast (D:9)
  7 orc warriors
  4 black bears
  A necrophage (D:4)
  7 ogres
  2 phantoms
  2 centaurs (D:5)
  Blork the orc (D:4)
  3 elf zombies (Ossuary)
  A big kobold (D:9)
  A bullfrog (D:7)
  Dowan (D:4)
  5 killer bees (D:8)
  5 scorpions
  2 electric eels (D:9)
  2 howler monkeys
  3 crimson imps
  A human zombie (Ossuary)
  5 hounds
  4 jellies
  2 centaur zombies
  7 orc wizards
  9 orc priests
  2 bullfrog skeletons
  2 centaur skeletons
  6 iguanas
  9 worker ants
  2 big kobold zombies (Ossuary)
  2 hound zombies
  2 hound skeletons
  4 mummies
  16 adders
  4 gnolls (D:5)
  3 shadow imps
  5 oozes (D:9)
  3 adder zombies (Ossuary)
  4 worms
  3 dart slugs
  5 leopard geckos
  47 orcs
  13 bats
  7 giant cockroaches
  7 goblins
  9 hobgoblins
  11 jackals
  6 quokkas
  9 frilled lizards
  A gnoll zombie (Ossuary)
  4 goblin zombies (Ossuary)
  A hobgoblin zombie (Ossuary)
  3 jackal zombies (Ossuary)
  8 kobolds
  3 kobold zombies
  2 leopard gecko skeletons
  3 orc zombies
  6 quokka zombies
  4 rats
  7 rat zombies (Ossuary)
320 creatures vanquished.

Vanquished Creatures (others)
  2 plants (D:9)
2 creatures vanquished.

Grand Total: 322 creatures vanquished

Notes
Turn   | Place    | Note
-------+----------+-------------------------------------------
     0 | D:1      | Peloso the Ghoul Fighter began the quest for the Orb.
     0 | D:1      | Reached XP level 1. HP: 19/19 MP: 0/0
   190 | D:1      | Reached XP level 2. HP: 26/26 MP: 1/1
   283 | D:1      | Reached skill level 3 in Shields
   526 | D:1      | Reached XP level 3. HP: 29/31 MP: 2/2
   982 | D:2      | Reached XP level 4. HP: 35/38 MP: 3/3
  1655 | D:3      | Reached XP level 5. HP: 43/45 MP: 4/4
  1716 | D:3      | Found an opulent altar of Gozag.
  1819 | D:3      | Found a blossoming altar of Fedhas.
  2632 | D:4      | Found a bloodstained altar of Trog.
  2646 | D:4      | Reached XP level 6. HP: 48/51 MP: 5/5
  2767 | D:4      | Noticed Blork the orc
  2794 | D:4      | Killed Blork the orc
  2794 | D:4      | Reached skill level 4 in Shields
  2810 | D:4      | Noticed a necrophage
  2814 | D:4      | Noticed Dowan
  2814 | D:4      | Reached XP level 7. HP: 17/59 MP: 6/6
  2816 | D:4      | Noticed Duvessa
  2874 | D:4      | Reached skill level 1 in Dodging
  2923 | D:4      | Reached skill level 5 in Long Blades
  3029 | D:4      | Found a white marble altar of Elyvilon.
  3045 | D:4      | Reached skill level 5 in Shields
  3220 | D:4      | Reached XP level 8. HP: 66/66 MP: 7/7
  3406 | D:4      | Killed Duvessa
  3417 | D:4      | Killed Dowan
  3536 | D:5      | Entered Level 5 of the Dungeon
  3696 | D:5      | Found a sand-covered staircase.
  3704 | Ossuary  | Entered an ossuary
  3903 | Ossuary  | Reached skill level 5 in Fighting
  4051 | Ossuary  | Reached skill level 6 in Shields
  4239 | D:5      | Reached XP level 9. HP: 70/73 MP: 8/8
  4747 | D:6      | Reached skill level 1 in Stealth
  4765 | D:6      | Found Waxivaen's Food Boutique.
  4807 | D:6      | Found Gufrimiv's Magic Scroll Shop.
  4812 | D:6      | Bought a scroll of enchant weapon for 90 gold pieces
  4812 | D:6      | Bought a scroll of blinking for 90 gold pieces
  4812 | D:6      | Bought a scroll of remove curse for 36 gold pieces
  4819 | D:6      | Bought a scroll of identify for 24 gold pieces
  4912 | D:6      | Found Orghaett's Armour Shoppe.
  5023 | D:6      | Found a staircase to the Ecumenical Temple.
  5043 | Temple   | Entered the Ecumenical Temple
  5151 | Temple   | Became a worshipper of Warmaster Okawaru
  5289 | D:6      | Found Huefexug's Weapon Shop.
  5482 | D:7      | Reached skill level 7 in Shields
  5904 | D:6      | Reached * piety under Okawaru
  5904 | D:6      | Reached skill level 5 in Armour
  6161 | D:7      | Reached XP level 10. HP: 80/83 MP: 9/9
  6835 | D:8      | Reached skill level 8 in Shields
  7387 | D:9      | Found a radiant altar of Vehumet.
  7405 | D:9      | Found a snail-covered altar of Cheibriados.
  8012 | D:9      | Found a staircase to the Lair.
  8426 | D:9      | Found a staircase to the Orcish Mines.
  8540 | D:9      | Reached skill level 9 in Shields
  8624 | D:9      | Found a snail-covered altar of Cheibriados.
  8639 | D:9      | Found a stormy altar of Qazlal.
  8964 | D:9      | Noticed a deep elf mage
  8990 | D:9      | Killed a deep elf mage
  8990 | D:9      | Reached skill level 1 in Invocations
  9316 | Orc:1    | Entered Level 1 of the Orcish Mines
  9316 | Orc:1    | Found Natunips's Gadget Emporium.
  9529 | Orc:1    | Noticed a cyclops
  9545 | Orc:1    | Killed a cyclops
  9545 | Orc:1    | Reached ** piety under Okawaru
  9545 | Orc:1    | Reached XP level 11. HP: 91/91 MP: 8/11
  9749 | Orc:2    | Entered Level 2 of the Orcish Mines
  9749 | Orc:2    | Noticed an orc high priest
  9777 | Orc:2    | Noticed a hill giant
  9853 | Orc:2    | Noticed a deep troll
  9853 | Orc:2    | Noticed a deep troll
  9927 | Orc:2    | Noticed a cyclops
 10165 | D:9      | Killed a deep troll
 10165 | D:9      | Reached skill level 10 in Shields
 10211 | Orc:2    | Noticed a hill giant
 10212 | Orc:2    | Noticed an ogre mage
 10352 | D:9      | Killed a deep troll
 10448 | D:9      | Killed a hill giant
 10458 | D:9      | Reached *** piety under Okawaru
 10563 | Orc:1    | Slain by a hill giant

Skill      XL: |  1  2  3  4  5  6  7  8  9 10 11 |
---------------+----------------------------------+-----
Armour         | 3 4 5 6 |  6.6
Shields        | 3 4 5 6 7 9 10 | 10.2
Long Blades    | 2 3 4 5 6 7 9 |  9.8
Fighting       | 4 5 6 7 |  7.4
Dodging        | 1 2 |  2.5
Stealth        | 1 2 |  2.1
Invocations    | 1 2 |  2.3
Evocations     | |  0.3

Action                   |  1- 3 |  4- 6 |  7- 9 | 10-12 || total
-------------------------+-------+-------+-------+-------++-------
Melee: Long sword        |    95 |   277 |   825 |       ||  1197
       Falchion          |       |       |    39 |   895 ||   934
Invok: Heroism           |       |       |       |    26 ||    26
Evoke: Wand              |       |       |     2 |     2 ||     4
  Use: Potion            |       |     1 |     3 |     4 ||     8
       Scroll            |       |       |    11 |    16 ||    27
  Eat: Chunk             |       |     8 |    20 |    65 ||    93
Armor: Scale mail        |    56 |     9 |       |       ||    65
       Chain mail        |       |   156 |   231 |       ||   387
       Skin              |       |     1 |       |       ||     1
       Plate armour      |       |       |    17 |   254 ||   271
Dodge: Dodged            |    42 |    55 |   131 |   155 ||   383
Block: Shield            |    56 |   106 |       |       ||   162
       Large shield      |       |    68 |   728 |   742 ||  1538
       Rpst.: Long sword |    18 |    18 |    34 |       ||    70
       Falchion          |       |       |       |    22 ||    22
